 Dungeon Crawl Stone Soup version 0.20.1-1-g8b1a95d (webtiles) character file.

201612 Somber the Warrior (level 17, -18/168 HPs)
             Began as a Minotaur Fighter on Sept 26, 2017.
             Was the Champion of the Shining One.
             Demolished by an alligator snapping turtle (39 damage)
             ... on level 2 of the Shoals.
             The game lasted 01:14:30 (33057 turns).

Somber the Warrior (Minotaur Fighter)              Turns: 33057, Time: 01:14:31

Health: -18/168    AC: 19    Str: 27    XL:     17   Next: 92%
Magic:  15/15      EV: 28    Int: 18    God:    the Shining One [******]
Gold:   359        SH: 15    Dex: 22    Spells: 16/16 levels left

rFire    + . .     SeeInvis +   x - +7 rapier "Killer Bee's Regret" {holy, *Drain rPois Int+3 Stlth+}
rCold    . . .     Gourm    +   q - +2 shield {rN+}
rNeg     + + +     Faith    .   p - quicksilver dragon scales of the Amoeba {+Blink MR+ Str+4 Dex+3}
rPois    +         Spirit   .   R - +1 hat {SInv}
rElec    .         Reflect  .   J - +0 cloak
rCorr    .         Harm     .   y - +1 pair of gloves
MR       +++..                  j - +0 pair of boots of the Suburbs {rF- Int+6}
Stlth    +++.......             Q - amulet of Gicvao {Gourm Int+4 Dex+4}
Regen    0.4/turn               u - ring of Wuiczymo {+Fly rPois rF++ MR+ MP-9}
MPRegen  0.2/turn               D - +6 ring of evasion

@: glowing
A: retaliatory headbutt, horns 2
}: 1/15 runes: serpentine
a: Divine Shield, Cleansing Flame, Summon Divine Warrior, Brand Weapon With Holy
Wrath, Renounce Religion, Evoke Blink, Evoke Flight


You were on level 2 of the Shoals.
You worshipped the Shining One.
The Shining One was exalted by your worship.
You were full.

You visited 5 branches of the dungeon, and saw 27 of its levels.
You also visited: Sewer and Ice Cave.

You collected 1852 gold pieces.
You spent 1493 gold pieces at shops.

Inventory:

Hand Weapons
 x - the +7 rapier "Killer Bee's Regret" (weapon) {holy, *Drain rPois Int+3 Stlth+}
   (You found it on level 4 of the Lair of Beasts)

   It has been blessed by the Shining One to cause great damage to the undead
   and demons.
   It affects your intelligence (+3).
   It protects you from poison.
   It causes draining when unequipped.
   It makes you more stealthy.
Armour
 j - the +0 pair of boots of the Suburbs (worn) {rF- Int+6}
   (You found it in an ice cave)

   It affects your intelligence (+6).
   It makes you vulnerable to fire.
 p - the quicksilver dragon scales of the Amoeba (worn) {+Blink MR+ Str+4 Dex+3}
   (You found it in an ice cave)

   It affects your strength (+4).
   It affects your dexterity (+3).
   It affects your resistance to hostile enchantments.
   It lets you blink.
 q - a +2 shield of positive energy (worn)
 y - a +1 pair of gloves (worn)
 J - a +0 cloak (worn)
 R - a +1 hat of see invisible (worn)
Jewellery
 g - an uncursed ring of resist corrosion
 l - an uncursed ring of protection from magic
 m - an uncursed ring of see invisible {unknown}
 u - the ring of Wuiczymo (left hand) {+Fly rPois rF++ MR+ MP-9}
   (You bought it in a shop on level 1 of the Snake Pit)

   [ring of protection from magic]

   It greatly protects you from fire.
   It protects you from poison.
   It affects your resistance to hostile enchantments.
   It affects your magic capacity (-9).
   It lets you fly.
 D - a +6 ring of evasion (right hand)
 O - an uncursed ring of fire
 Q - the amulet of Gicvao (around neck) {Gourm Int+4 Dex+4}
   (You bought it in a shop on level 1 of the Snake Pit)

   [amulet of the gourmand]

   It allows you to eat raw meat even when not hungry.
   It affects your intelligence (+4).
   It affects your dexterity (+4).
 T - a +4 ring of protection
 X - an uncursed ring of positive energy
Scrolls
 c - a scroll of blinking
 d - 5 scrolls of enchant weapon
 e - 5 scrolls of fear
 h - a scroll of fog
 i - 2 scrolls of holy word {unknown}
 k - 17 scrolls of remove curse
 z - 2 scrolls of magic mapping
 B - 5 scrolls of teleportation
 H - 3 scrolls of enchant armour
 I - a scroll of identify
 K - a scroll of recharging
 U - 4 scrolls of silence
 W - 3 scrolls of amnesia
Potions
 a - 4 potions of haste
 b - 3 potions of mutation
 v - 3 potions of brilliance
 w - 2 potions of curing
 F - 2 potions of resistance
 M - 4 potions of agility
 P - 3 potions of might
 S - a potion of flight
 Z - a potion of invisibility
Books
 o - a book of Ice

   Spells                             Type                      Level
   a - Ice Form                       Ice/Transmutation            4
   b - Metabolic Englaciation         Hexes/Ice                    5
   c - Ozocubu's Refrigeration        Ice                          6
   d - Bolt of Cold                   Conjuration/Ice              6
   e - Freezing Cloud                 Conjuration/Ice/Air          6
   f - Simulacrum                     Ice/Necromancy               6
 r - a book of Enchantments

   Spells                             Type                      Level
   a - Cause Fear                     Hexes                        4
   b - Yara's Violent Unravelling     Hexes/Transmutation          5
   c - Silence                        Hexes/Air                    5
   d - Deflect Missiles               Charms/Air                   6
   e - Discord                        Hexes                        8
 N - a Young Poisoner's Handbook

   Spells                             Type                      Level
   a - Sting                          Conjuration/Poison           1
   b - Poisonous Vapours              Poison/Air                   2
   c - Mephitic Cloud                 Conjuration/Poison/Air       3
   d - Olgreb's Toxic Radiance        Poison                       4
   e - Venom Bolt                     Conjuration/Poison           5
Miscellaneous
 t - a crystal ball of energy
 E - a phial of floods (inert)
Comestibles
 f - 7 bread rations
 n - 11 meat rations
 A - 47 fruits
 C - 15 royal jellies


   Skills:
 - Level 19.3 Fighting
 - Level 14.0(15.5) Short Blades
   Level 12.7(15.5) Long Blades
 - Level 10.4 Armour
 + Level 13.2 Dodging
 - Level 11.5 Stealth
 - Level 9.9 Shields
 - Level 11.0 Invocations


You had 16 spell levels left.
You didn't know any spells.

Dungeon Overview and Level Annotations

Branches:
Dungeon (14/15)            Temple (1/1) D:6            Lair (6/6) D:9
 Shoals (2/4) Lair:2        Snake (4/4) Lair:2        Slime (0/5) Lair:5
    Orc (0/2) D:9          Vaults (0/5) D:13

Altars:
Ashenzari
Cheibriados
Elyvilon
Gozag
Kikubaaqudgha
Makhleb
Nemelex Xobeh
Sif Muna
Trog
Uskayaw
Vehumet
Xom
Zin
The Shining One
Jiyva

Shops:
D:5 ?%%}%   D:9 ?   D:10 [   D:11 ((!(   D:12 ?   Shoals:1 [   Snake:1 *=}*

Portals:
Trove: D:12 (give 6 potions of haste)


Innate Abilities, Weirdness & Mutations

You reflexively headbutt those who attack you in melee.
You have a pair of horns on your head.


Message History

Your water elemental hits the alligator snapping turtle.
The alligator snapping turtle completely misses you.
Your water elemental completely misses the alligator snapping turtle.
The alligator snapping turtle misses you.
Your water elemental completely misses the alligator snapping turtle.
Your water elemental hits the alligator snapping turtle.
You block the alligator snapping turtle's attack.
Your water elemental hits the alligator snapping turtle.
The alligator snapping turtle barely misses you.
Your water elemental hits the alligator snapping turtle.
You block the alligator snapping turtle's attack.
Your water elemental hits the alligator snapping turtle!
The alligator snapping turtle bites you from afar!
* * * LOW HITPOINT WARNING * * *
Your water elemental hits the alligator snapping turtle.
Your water elemental hits the alligator snapping turtle.
You block the alligator snapping turtle's attack.
Your water elemental hits the alligator snapping turtle!!
The alligator snapping turtle bites you from afar!!!
You die...

...#######......PP≈....###P.
≈..# ##...≈≈≈≈.PP..P.≈...≈≈
.... #....≈≈.>.....≈P..≈≈≈≈
≈≈≈...PP..≈≈..#..P..PP.≈≈≈≈≈
≈≈≈≈≈.PP≈≈≈≈.........≈≈≈≈≈≈≈
≈≈≈≈≈≈≈P≈≈≈≈)...###.).≈≈≈≈≈≈
≈≈≈≈≈P≈≈≈≈≈≈..†t###)..≈≈≈≈≈≈≈≈
≈≈≈≈≈≈≈≈..†E##(...≈≈≈≈≈≈≈≈≈
≈≈(.≈≈≈≈...@(....≈≈≈≈≈≈≈≈≈≈
..≈≈≈≈≈≈≈.......≈≈≈≈≈≈≈≈≈≈≈
.≈≈≈≈≈≈≈≈≈....≈≈≈≈≈≈≈≈≈≈≈≈≈
≈.≈≈≈≈.≈≈≈≈≈≈≈≈≈≈≈≈≈≈≈≈≈≈≈≈
≈...≈≈≈≈≈≈≈≈≈≈≈≈≈≈≈≈≈≈≈≈≈≈≈
.≈.≈≈≈≈≈≈≈≈≈≈≈≈...≈≈≈≈≈≈≈≈
≈≈...≈≈≈...[.≈≈...≈≈≈≈≈≈≈≈
.###....###...###.≈≈≈≈≈≈≈
..##....## ##..# #.≈≈≈≈≈≈≈


You could see an alligator snapping turtle and a friendly water elemental.

Vanquished Creatures
  Nikola (Snake:2)
  A kraken (Shoals:1)
  Frances (Snake:1)
  Agnes (Snake:1)
  11 nagarajas
  Nessos (Lair:6)
  The ghost of equalderp2856 the Severer, a journeyman MiFi (D:10)
  A merfolk impaler (Shoals:1)
  7 hydras
  2 vault guards (D:13)
  Erolcha (D:12)
  14 naga warriors
  20 anacondas
  4 centaur warriors
  5 merfolk aquamancers
  5 two-headed ogres
  15 naga sharpshooters
  11 shock serpents
  2 unseen horrors
  2 sea snakes
  13 naga ritualists
  A lindwurm (Lair:4)
  A necromancer (IceCv)
  5 harpies (Shoals:1)
  13 mana vipers
  An ugly thing (D:11)
  3 manticores
  4 fauns
  5 cyclopes
  13 salamanders
  4 centaur zombies
  42 black mambas
  12 elephants
  4 merfolk sirens
  21 guardian serpents
  3 ice statues (IceCv)
  A torpor snail (Lair:5)
  26 naga magi
  3 water nymphs (Shoals:2)
  6 spiny frogs
  A yaktaur (Shoals:1)
  A kobold demonologist (D:12)
  6 komodo dragons
  4 ice devils (IceCv)
  3 trolls
  4 polar bears
  3 wind drakes
  6 merfolk
  5 hornets
  17 blink frogs
  2 snapping turtles (Shoals:1)
  14 dream sheep
  8 hippogriffs
  4 slime creatures (D:13)
  15 spriggans (Lair:6)
  A shadow (D:12)
  8 water elementals
  4 wyverns
  2 basilisks
  56 yaks
  A hungry ghost (D:9)
  3 vampire mosquitoes (D:13)
  A warg (D:9)
  56 nagas
  2 porcupines
  6 water moccasins
  An eye of draining (D:10)
  A hornet zombie (D:13)
  7 sky beasts
  9 orc warriors
  8 black bears
  8 ice beasts
  A necrophage (D:10)
  10 ogres
  3 phantoms
  4 boggarts (Lair:6)
  32 wolves
  15 centaurs
  2 big kobolds
  9 crocodiles
  Blork the orc (D:4)
  19 bullfrogs
  2 wyvern zombies
  3 scorpions
  12 killer bees
  4 wights
  2 electric eels
  4 crimson imps
  2 bullfrog zombies
  5 jellies
  A bullfrog skeleton (D:9)
  2 draconian simulacra (IceCv)
  8 hounds
  7 orc wizards
  3 centaur skeletons
  A gnoll shaman (D:4)
  7 orc priests
  Crazy Yiuf (D:7)
  5 iguanas
  7 worker ants
  10 hell rats
  5 troll simulacra (IceCv)
  A centaur simulacrum (IceCv)
  A worker ant zombie (D:7)
  Robin (D:4)
  10 adders
  9 gnolls
  2 howler monkey skeletons
  A naga simulacrum (IceCv)
  3 river rats (Lair:3)
  3 shadow imps
  3 adder skeletons
  2 worms
  7 leopard geckos
  53 orcs
  11 bats
  5 giant cockroaches
  12 hobgoblins
  18 jackals
  13 kobolds
  4 quokkas
  A ball python skeleton (D:6)
  5 frilled lizards
  7 goblins
  2 jackal skeletons
  13 rats
  A plant (Lair:1)
  4 tentacles (Shoals:1)
933 creatures vanquished.

Vanquished Creatures (collateral kills)
  Vashnia (Snake:4)
  A naga warrior (Snake:1)
  A sea snake (Shoals:2)
  A naga mage (Snake:3)
  3 black mambas (Snake:1)
  2 nagas (Snake:3)
9 creatures vanquished.

Vanquished Creatures (others)
  Fannar (D:12)
  A naga warrior (Snake:4)
  A merfolk aquamancer (Shoals:2)
  A hydra (D:13)
  A naga ritualist (Snake:3)
  A guardian serpent (Snake:4)
  A centaur skeleton (D:13)
  A naga mage (Snake:4)
  3 ice devils (IceCv)
  2 trolls (D:12)
  2 yaks (Lair:1)
  A soldier ant (D:13)
  A water moccasin (Lair:3)
  An ice beast (Lair:2)
  A hornet zombie (D:13)
  A crocodile (Lair:1)
  A wight (D:12)
  A crimson imp (D:13)
  An ogre simulacrum (IceCv)
  3 bushes
  3 fungi
  6 plants
  8 tentacles (Shoals:1)
43 creatures vanquished.

Grand Total: 985 creatures vanquished

Notes
Turn   | Place    | Note
-------+----------+-------------------------------------------
     0 | D:1      | Somber the Minotaur Fighter began the quest for the Orb.
     0 | D:1      | Reached XP level 1. HP: 19/19 MP: 0/0
   143 | D:1      | Reached XP level 2. HP: 27/27 MP: 1/1
   516 | D:1      | Reached skill level 4 in Fighting
   897 | D:1      | Reached XP level 3. HP: 26/33 MP: 2/2
  1591 | D:2      | Reached skill level 5 in Fighting
  1591 | D:2      | Reached XP level 4. HP: 23/42 MP: 3/3
  1927 | D:3      | Reached XP level 5. HP: 44/48 MP: 4/4
  2556 | D:4      | Reached skill level 5 in Armour
  2567 | D:4      | HP: 1/48 [gnoll/spear (9)]
  2850 | D:3      | Reached XP level 6. HP: 50/56 MP: 5/5
  2954 | D:4      | Noticed Robin
  2979 | D:4      | Reached skill level 5 in Shields
  2984 | D:4      | Killed Robin
  3019 | D:4      | Reached skill level 6 in Fighting
  3223 | D:4      | Reached skill level 5 in Long Blades
  3232 | D:4      | Reached XP level 7. HP: 52/63 MP: 6/6
  3372 | D:4      | Noticed Blork the orc
  3383 | D:4      | Killed Blork the orc
  4124 | D:5      | Entered Level 5 of the Dungeon
  4153 | D:5      | Found Sonun's Food Shop.
  4196 | D:5      | Found Axoitel's Gadget Boutique.
  4234 | D:5      | Found Quhu's Food Shoppe.
  4234 | D:5      | Found Hoegek's Food Shoppe.
  4248 | D:5      | Found Garobro's Magic Scroll Shop.
  4359 | D:5      | Found a glowing drain.
  4385 | Sewer    | Entered a sewer
  4451 | Sewer    | Reached XP level 8. HP: 54/70 MP: 7/7
  4998 | D:6      | Got a smoking war axe
  5000 | D:6      | Identified the cursed +1 war axe of Debt {chop, rPois Str+3} (You found it on level 6 of the Dungeon)
  5108 | D:6      | Found a staircase to the Ecumenical Temple.
  5186 | Temple   | Entered the Ecumenical Temple
  5230 | Temple   | Became a worshipper of the Shining One
  6346 | D:7      | Reached skill level 5 in Dodging
  6441 | D:7      | Found a runed door.
  6485 | D:7      | Reached * piety under the Shining One
  6631 | D:7      | Found a bloodstained altar of Trog.
  6863 | D:7      | Noticed Crazy Yiuf
  6867 | D:7      | Killed Crazy Yiuf
  6867 | D:7      | Reached XP level 9. HP: 75/75 MP: 8/8
  6952 | D:8      | Found Weczukuw's Magic Scroll Boutique.
  7553 | D:8      | Reached skill level 7 in Fighting
  7903 | D:8      | Reached skill level 8 in Fighting
  7954 | D:9      | Reached skill level 9 in Fighting
  7980 | D:9      | Reached skill level 10 in Fighting
  8247 | D:9      | Found a white marble altar of Elyvilon.
  8259 | D:9      | Reached XP level 10. HP: 73/93 MP: 9/9
  8274 | D:9      | Reached ** piety under the Shining One
  8388 | D:9      | Reached skill level 10 in Long Blades
  8476 | D:9      | Reached skill level 11 in Fighting
  8595 | D:9      | Found a staircase to the Orcish Mines.
  8744 | D:9      | Noticed a two-headed ogre
  8751 | D:9      | Killed a two-headed ogre
  8823 | D:9      | Found a staircase to the Lair.
  8922 | D:9      | Found Ostruq's Magic Scroll Emporium.
  8927 | D:9      | Bought a scroll of identify for 26 gold pieces
  8927 | D:9      | Bought a scroll of identify for 26 gold pieces
  8927 | D:9      | Bought a scroll of identify for 26 gold pieces
  8958 | D:10     | Entered Level 10 of the Dungeon
  9002 | D:10     | Reached skill level 12 in Fighting
  9013 | D:10     | Found Utwamak's Antique Armour Emporium.
  9038 | D:10     | Bought a crude robe for 119 gold pieces
  9038 | D:10     | Identified the +1 robe of Waradus {rPois rCorr SInv} (You bought it in a shop on level 10 of the Dungeon)
  9090 | D:10     | Noticed an unseen horror
  9091 | D:10     | Noticed a two-headed ogre
  9101 | D:10     | Killed an unseen horror
  9107 | D:10     | Killed a two-headed ogre
  9213 | D:10     | Noticed a manticore
  9229 | D:10     | Killed a manticore
  9229 | D:10     | Reached skill level 13 in Fighting
  9229 | D:10     | Reached XP level 11. HP: 91/107 MP: 10/10
  9646 | D:10     | Noticed equalderp2856's ghost (journeyman MiFi)
  9674 | D:10     | Killed equalderp2856's ghost
  9915 | D:11     | Reached *** piety under the Shining One
  9974 | D:11     | Reached skill level 14 in Fighting
 10332 | D:11     | Found Kuxzu's Weapon Boutique.
 10550 | D:11     | Found Qybain's Distillery.
 10561 | D:11     | Bought a potion of heal wounds for 75 gold pieces
 10561 | D:11     | Bought a potion of might for 60 gold pieces
 10561 | D:11     | Bought a potion of might for 60 gold pieces
 10636 | D:11     | Found Numeiff's Antique Weapon Boutique.
 10791 | D:11     | Noticed a two-headed ogre
 10801 | D:11     | Killed a two-headed ogre
 10829 | D:11     | Reached skill level 15 in Fighting
 10952 | D:11     | Found Fimoq's Antique Weapon Shoppe.
 11075 | D:11     | Noticed a white ugly thing
 11088 | D:11     | Killed a white ugly thing
 11220 | D:12     | Noticed Fannar
 11241 | D:12     | Killed Fannar
 11348 | D:12     | Found a radiant altar of Vehumet.
 11350 | D:12     | Noticed Erolcha
 11351 | D:12     | Noticed an unseen horror
 11352 | D:12     | Killed an unseen horror
 11360 | D:12     | Killed Erolcha
 11360 | D:12     | Reached XP level 12. HP: 93/119 MP: 11/11
 11469 | D:12     | Found Roax Tit's Magic Scroll Shop.
 11597 | D:12     | Bought a scroll of enchant armour for 97 gold pieces
 11597 | D:12     | Bought a scroll of enchant armour for 97 gold pieces
 11661 | D:12     | Found a portal to a secret trove of treasure.
 11681 | D:12     | Noticed a two-headed ogre
 11687 | D:12     | Killed a two-headed ogre
 11850 | D:12     | Reached skill level 10 in Armour
 11948 | D:12     | Reached **** piety under the Shining One
 12051 | D:12     | Reached skill level 1 in Invocations
 12390 | D:13     | Noticed a two-headed ogre
 12391 | D:13     | Noticed a centaur warrior
 12400 | D:13     | Killed a two-headed ogre
 12409 | D:13     | Killed a centaur warrior
 12506 | D:13     | Reached skill level 5 in Invocations
 12528 | D:13     | Found a gate to the Vaults.
 12528 | D:13     | Noticed a vault guard
 12528 | D:13     | Noticed a vault guard
 12528 | D:13     | Noticed a vault guard
 12529 | D:13     | Noticed a vault guard
 12544 | D:13     | Killed a vault guard
 12550 | D:13     | Killed a vault guard
 12551 | D:13     | Banished a vault guard
 12596 | D:13     | Reached ***** piety under the Shining One
 12779 | D:13     | Noticed a centaur warrior
 12785 | D:13     | Killed a centaur warrior
 12785 | D:13     | Reached XP level 13. HP: 109/126 MP: 18/18
 13024 | D:14     | Found a burning altar of Makhleb.
 13295 | Lair:1   | Entered Level 1 of the Lair of Beasts
 13534 | Lair:1   | Reached skill level 10 in Invocations
 14349 | Lair:2   | Found a frozen archway.
 14395 | IceCv    | Entered an ice cave
 15171 | IceCv    | Got a pair of translucent boots
 15173 | IceCv    | Got smelly quicksilver dragon scales
 15180 | IceCv    | Identified the quicksilver dragon scales of the Amoeba {+Blink MR+ Str+4 Dex+3} (You found it in an ice cave)
 15181 | IceCv    | Identified the +0 pair of boots of the Suburbs {rF- Int+6} (You found it in an ice cave)
 15430 | Lair:2   | Found a staircase to the Snake Pit.
 15524 | Lair:2   | Found a staircase to the Shoals.
 16999 | Lair:4   | Got a fine rapier
 17000 | Lair:4   | Identified the +7 rapier "Killer Bee's Regret" {holy, *Drain rPois Int+3 Stlth+} (You found it on level 4 of the Lair of Beasts)
 17118 | Lair:4   | Reached skill level 1 in Short Blades
 17147 | Lair:4   | Reached XP level 14. HP: 136/136 MP: 21/21
 17536 | Lair:4   | Reached skill level 5 in Short Blades
 17965 | Lair:5   | Found a viscous altar of Jiyva.
 17966 | Lair:5   | Found a staircase to the Slime Pits.
 18038 | Lair:5   | Reached ****** piety under the Shining One
 18717 | Lair:6   | Entered Level 6 of the Lair of Beasts
 18998 | Lair:6   | Reached skill level 10 in Short Blades
 19476 | Lair:6   | Noticed Nessos
 19505 | Lair:6   | Killed Nessos
 20158 | Snake:1  | Entered Level 1 of the Snake Pit
 20222 | Snake:1  | Reached skill level 1 in Stealth
 20257 | Snake:1  | Found Porug's Jewellery Boutique.
 20260 | Snake:1  | Found Fafoipp's Assorted Antiques.
 20260 | Snake:1  | Found Fierchea's Assorted Antiques.
 20265 | Snake:1  | Found Iluadaw's Gadget Shop.
 20333 | Snake:1  | Bought the ring of Wuiczymo {+Fly rPois rF++ MR+ MP-9} for 369 gold pieces
 20333 | Snake:1  | Bought the amulet of Gicvao {Gourm Int+4 Dex+4} for 538 gold pieces
 20427 | Snake:1  | Noticed Frances
 20442 | Snake:1  | Killed Frances
 20442 | Snake:1  | Reached XP level 15. HP: 107/143 MP: 13/22
 20721 | Snake:1  | Reached skill level 5 in Stealth
 20950 | Snake:1  | Noticed Agnes
 20963 | Snake:1  | Killed Agnes
 21998 | Snake:2  | Noticed a nagaraja
 22012 | Snake:2  | Killed a nagaraja
 22132 | Snake:2  | Noticed a nagaraja
 22145 | Snake:2  | Killed a nagaraja
 22786 | Snake:2  | Noticed Nikola
 22798 | Snake:2  | Killed Nikola
 23305 | Snake:2  | Reached skill level 10 in Stealth
 23594 | Snake:3  | Found a glowing golden altar of the Shining One.
 24278 | Snake:3  | Reached XP level 16. HP: 136/150 MP: 14/23
 24764 | Snake:4  | Entered Level 4 of the Snake Pit
 24764 | Snake:4  | Noticed Vashnia
 25066 | Snake:4  | Reached skill level 16 in Fighting
 25296 | Snake:4  | Killed Vashnia
 25307 | Snake:4  | HP: 5/151 [naga sharpshooter/bolt[Vashnia] (19)]
 26012 | Snake:4  | HP: 6/154 [naga warrior/scimitar of slicing (3)]
 26584 | Snake:4  | Reached skill level 17 in Fighting
 27555 | Snake:4  | Reached skill level 18 in Fighting
 28054 | Snake:4  | Reached XP level 17. HP: 93/166 MP: 15/24
 28817 | Snake:4  | Reached skill level 19 in Fighting
 30346 | Snake:4  | Reached skill level 10 in Dodging
 30723 | Snake:4  | Got a pair of transparent gloves
 30724 | Snake:4  | Identified the +0 pair of gloves of Qolorif {rN+ Int+4 Dex-5} (You found it on level 4 of the Snake Pit)
 30765 | Snake:4  | Got a serpentine rune of Zot
 31435 | Shoals:1 | Entered Level 1 of the Shoals
 31695 | Shoals:1 | Found Kimodgh's Antique Armour Boutique.
 32646 | Shoals:1 | Noticed a kraken
 32675 | Shoals:1 | Killed a kraken
 32955 | Shoals:2 | HP: 6/168 [water elemental (5)]
 33057 | Shoals:2 | Demolished by an alligator snapping turtle

Skill      XL: |  1  2  3  4  5  6  7  8  9 10 11 12 13 14 15 16 17 |
---------------+----------------------------------------------------+-----
Fighting       | 4 5 6 10 13 15 18 19 | 19.3
Armour         | 4 5 6 7 9 10 | 10.4
Long Blades    | 3 4 5 7 9 11 12 | 12.7
Shields        | 4 5 9 |  9.9
Dodging        | 5 6 7 8 13 | 13.2
Invocations    | 8 11 | 11.0
Short Blades   | 1 11 13 14 | 14.0
Stealth        | 3 11 | 11.5

Action                   |  1- 3 |  4- 6 |  7- 9 | 10-12 | 13-15 | 16-18 || total
-------------------------+-------+-------+-------+-------+-------+-------++-------
Melee: Long sword        |   105 |   140 |   323 |   256 |   323 |       ||  1147
       Headbutt          |     9 |    36 |    77 |   144 |   428 |   439 ||  1133
       Scimitar          |       |       |       |   256 |       |       ||   256
       Rapier            |       |       |       |       |  1001 |  1137 ||  2138
Invok: Divine Shield     |       |       |       |     2 |     3 |       ||     5
       Summon Divine War |       |       |       |       |     3 |     2 ||     5
       Cleansing Flame   |       |       |       |       |     1 |     4 ||     5
Evoke: Wand              |       |       |       |     4 |       |       ||     4
       Phial of floods   |       |       |       |       |       |     2 ||     2
  Use: Potion            |     3 |     2 |       |     5 |     9 |    13 ||    32
       Scroll            |     2 |     4 |    17 |     9 |    10 |    13 ||    55
  Eat: Chunk             |     2 |     2 |     7 |    14 |    24 |    24 ||    73
       Bread ration      |       |     1 |     2 |     1 |     2 |     1 ||     7
       Fruit             |       |       |       |       |     6 |     2 ||     8
       Royal jelly       |       |       |       |       |     1 |       ||     1
Armor: Scale mail        |    73 |    62 |    89 |    20 |       |       ||   244
       Robe              |       |       |       |     8 |     8 |       ||    16
       Troll leather arm |       |       |       |    40 |    15 |       ||    55
       Skin              |       |       |       |     4 |       |       ||     4
       Quicksilver drago |       |       |       |       |   264 |   145 ||   409
Dodge: Dodged            |    54 |    74 |   170 |   303 |   995 |   737 ||  2333
Block: Shield            |    59 |       |       |       |       |   234 ||   293
       Buckler           |     6 |    59 |   118 |   166 |   611 |   343 ||  1303
       Rpst.: Long sword |    16 |    18 |    59 |    46 |    56 |       ||   195
       Scimitar          |       |       |       |    36 |       |       ||    36
